 Dungeon Crawl Stone Soup version 0.23.2-1-ga50397a (webtiles) character file.

Game seed: 8465672157855978316

707 Aurelien the Magician (level 7, 0/53 HPs)
             Began as a Purple Draconian Transmuter on May 26, 2019.
             Was an Initiate of Vehumet.
             Slain by RatmanManrat's ghost (10 damage)
             ... on level 4 of the Dungeon.
             The game lasted 01:02:35 (5943 turns).

Aurelien the Magician (Purple Draconian Transmuter) Turns: 5943, Time: 01:02:35

Health: 0/53       AC:  7    Str: 14    XL:     7   Next: 40%
Magic:  15/15      EV: 12    Int: 14    God:    Vehumet [......]
Gold:   237        SH:  0    Dex: 11    Spells: 13/17 levels left

rFire    + + .     SeeInvis .   o - +0 flail
rCold    . . .     Gourm    .   (no shield)
rNeg     . . .     Faith    .   (armour unavailable)
rPois    .         Spirit   .   (helmet restricted)
rElec    .         Reflect  .   x - scarf {rC+ rF+}
rCorr    .         Harm     .   v - +0 pair of gloves
MR       +....                  (no boots)
Stlth    +.........             (no amulet)
HPRegen  0.17/turn              m - ring of fire
MPRegen  0.14/turn              (no ring)

@: no status effects
A: breathe power, unfitting armour, cold-blooded, AC +6
a: Breathe Dispelling Energy, Renounce Religion


You were on level 4 of the Dungeon.
You worshipped Vehumet.
Vehumet was noncommittal.
You were very hungry.

You visited 2 branches of the dungeon, and saw 5 of its levels.

You collected 237 gold pieces.

Inventory:

Hand Weapons
 b - a +2 whip of freezing
 o - a +0 flail (weapon)
 p - a +0 hunting sling
Missiles
 a - 78 arrows
 d - 14 poisoned needles
 g - 51 bolts
 n - 28 sling bullets
 q - 108 stones (quivered)
 s - 3 javelins
Armour
 f - a +0 plate armour
 i - a +0 leather armour
 v - a +0 pair of gloves (worn)
 w - a +0 animal skin
 x - a scarf of resistance (worn)
Jewellery
 m - a ring of fire (left hand)
 y - a +1 ring of protection {unknown}
Scrolls
 j - 2 scrolls of amnesia {unknown}
 k - 3 scrolls of remove curse
 r - a scroll of fear {unknown}
 t - a scroll of enchant armour {unknown}
 u - 2 scrolls of fog {unknown}
Potions
 e - 2 potions of heal wounds {unknown}
 h - 3 potions of curing {unknown}
 l - a potion of agility {unknown}
Comestibles
 c - 7 rations


   Skills:
 - Level 1.8 Fighting
 + Level 4.0 Maces & Flails
 - Level 2.0 Dodging
 - Level 3.5 Unarmed Combat
 + Level 5.5 Spellcasting
 + Level 4.8 Transmutations


You had 13 spell levels left.
You knew the following spells:

 Your Spells              Type           Power        Failure   Level  Hunger
a - Beastly Appendage     Tmut           ###...       2%          1    None
b - Spider Form           Tmut/Pois      ##........   19%         3    ###....

Your spell library contained the following spells:

 Spells                   Type           Power        Failure   Level  Hunger
 Sticks to Snakes         Tmut           ###.....     3%          2    ##.....
 Ice Form                 Ice/Tmut       ##......     52%         4    ####...
 Blade Hands              Tmut           ###.......   52%         5    ######.


Dungeon Overview and Level Annotations

Branches:
Dungeon (4/15)             Temple (1/1) D:4

Altars:
Dithmenos
Elyvilon
Hepliaklqana
Kikubaaqudgha
Okawaru
Qazlal
Trog
Vehumet
Xom
Yredelemnul
Zin
The Shining One

Annotations:
D:4 1 runed translucent door, RatmanManrat's ghost, amateur MiBe


Innate Abilities, Weirdness & Mutations

You can breathe bolts of dispelling energy.
Your rich purple scales are hard. (AC +6)
You cannot fit into any form of body armour.
You are cold-blooded and may be slowed by cold attacks.


Message History

RatmanManrat's ghost hits you!
* * * LOW HITPOINT WARNING * * *
Your transformation has ended.
Your +0 flail unmelds from your body.
Your scarf of resistance unmelds from your body.
Your +0 pair of gloves unmelds from your body.
You feel resistant to extremes of temperature.
You see here a leather armour.
RatmanManrat's ghost hits you!
* * * LOW HITPOINT WARNING * * *
RatmanManrat's ghost screams, "They lied to you.
The Dungeon just goes down and down forever."
You are feeling very hungry.
RatmanManrat's ghost says, "They'll have to sweep you off the floor after I'm finished with you!"
RatmanManrat's ghost shrieks, "They lied to you.
The Dungeon just goes down and down forever."
RatmanManrat's ghost keens inconsolably.
RatmanManrat's ghost closely misses you.
There is a stone staircase leading up here.
You can't go down here!
RatmanManrat's ghost hits you!
You die...

#.#..#.....>.#.#
#.#.######.#.#.#
#.#..........#.#
#.#..#####.###.# #
#.#..# #...#.# ##
#.#..# ###.#.# .#
#.#..#######.#.#######
.#
#.#........#.p.......##
.#
#.#..W@......#######..#
[#
#.#........#.#.....#..#
.#
#.#..........#.....#..#
.#
#.#..........#.#.#.#..#
.####
#.#.########.#.#.#.#..#
....# #.#.#
#..###.###..# .##.#
#.#.#######...........#
###.#
#.#.##......##.........
#.#
###.##.###.###########.


You could see RatmanManrat's ghost and a neutral freed slave (wandering).

Vanquished Creatures
  Pikel (D:4)
  A bullfrog (D:4)
  An iguana (D:4)
  2 orc wizards (D:3)
  3 adders
  A river rat (D:4)
  An ooze (D:1)
  A worm (D:3)
  3 dart slugs
  2 leopard geckos (D:4)
  2 orcs
  11 giant cockroaches
  8 goblins
  8 hobgoblins
  15 jackals
  2 quokkas
  2 ball pythons
  12 bats
  5 frilled lizards
  A jackal skeleton (D:4)
  5 kobolds
  8 rats
95 creatures vanquished.

Vanquished Creatures (others)
  A slave (D:4)
  2 worker ants (D:4)
  An orc (D:4)
  2 goblin zombies (D:4)
  A quokka skeleton (D:4)
7 creatures vanquished.

Grand Total: 102 creatures vanquished

Notes
Turn   | Place    | Note
-------+----------+-------------------------------------------
     0 | D:1      | Aurelien the Draconian Transmuter began the quest for the
                  | Orb.
     0 | D:1      | Reached XP level 1. HP: 16/16 MP: 3/3
   162 | D:1      | Reached XP level 2. HP: 21/23 MP: 1/5
  1155 | D:1      | Reached XP level 3. HP: 23/28 MP: 4/6
  1212 | D:1      | Learned a level 3 spell: Spider Form
  2665 | D:2      | Reached XP level 4. HP: 30/36 MP: 7/7
  2941 | D:3      | Reached skill level 1 in Maces & Flails
  3159 | D:3      | Reached skill level 3 in Spellcasting
  3348 | D:3      | Reached XP level 5. HP: 41/41 MP: 7/9
  4560 | D:4      | Noticed a slave
  4560 | D:4      | Noticed a slave
  4561 | D:4      | Noticed Pikel
  4561 | D:4      | Noticed a slave
  4561 | D:4      | Noticed a slave
  4578 | D:4      | Killed Pikel
  4578 | D:4      | Reached skill level 4 in Spellcasting
  4578 | D:4      | Reached XP level 6. HP: 13/48 MP: 7/12
  4578 | D:4      | Your scales start taking on a rich purple colour.
  4578 | D:4      | Reached skill level 5 in Spellcasting
  4578 | D:4      | Reached XP level 7. HP: 14/53 MP: 8/14
  4786 | D:4      | Found a runed translucent door.
  4787 | D:4      | Noticed RatmanManrat's ghost (amateur MiBe)
  4839 | D:4      | Found a staircase to the Ecumenical Temple.
  4907 | Temple   | Entered the Ecumenical Temple
  5146 | Temple   | Became a worshipper of Vehumet
  5852 | D:4      | Found a runed translucent door.
  5943 | D:4      | Slain by RatmanManrat's ghost

Skill      XL: |  1  2  3  4  5  6  7 |
---------------+----------------------+-----
Dodging        | 2 |  2.0
Maces & Flails | 1 3 4 |  4.0
Transmutations | 3 4 |  4.8
Spellcasting   | 3 4 5 |  5.5
Fighting       | |  1.8
Unarmed Combat | |  3.5

Action                   |  1- 3 |  4- 6 |  7- 9 || total
-------------------------+-------+-------+-------++-------
Melee: Club              |   175 |     3 |       ||   178
       Unarmed           |    16 |    30 |    17 ||    63
       Kick              |     3 |     4 |     1 ||     8
       Tailslap          |    12 |     6 |     1 ||    19
       Headbutt          |     2 |       |       ||     2
       Punch             |     1 |     2 |       ||     3
       Flail             |       |   100 |    17 ||   117
 Cast: Beastly Appendage |     7 |     1 |     1 ||     9
       Spider Form       |     2 |     4 |     1 ||     7
 Abil: End Transformatio |     1 |       |       ||     1
  Use: Scroll            |     2 |       |       ||     2
 Stab: Sleeping          |       |     1 |       ||     1
  Eat: Chunk             |     6 |     6 |     1 ||    13
       Ration            |       |       |     1 ||     1
Armor: Skin              |    89 |    84 |     4 ||   177
Dodge: Dodged            |   211 |   131 |    26 ||   368
